 Dungeon Crawl Stone Soup version 0.19.1 (webtiles) character file.

32 lolipop the Ducker (level 3, 0/27 HPs)
             Began as a Vampire Warper on Dec 26, 2016.
             Slain by a goblin
             ... wielding a +0 club
              (5 damage)
             ... on level 2 of the Dungeon.
             The game lasted 00:13:24 (2100 turns).

lolipop the Ducker (Vampire Warper)                 Turns: 2100, Time: 00:13:25

Health: 0/27       AC:  1    Str: 10    XL:     3   Next: 8%
Magic:  5/6        EV: 13    Int: 16    God:
Gold:   48         SH:  0    Dex: 13    Spells: 2 memorised, 1 level left

rFire  . . .     SeeInvis +     a - +0 short sword
rCold  + + .     Gourm    .     (no armour)
rNeg   + + .     Faith    .     (no shield)
rPois  +         Spirit   .     (no helmet)
rElec  .         Reflect  .     (no cloak)
rCorr  .         Harm     .     (no gloves)
MR     .....                    h - +0 pair of boots
Stlth  ++........               (no amulet)
                                (no ring)
                                m - ring of protection from cold

@: regenerating slowly
A: fangs 3, see invisible, unbreathing
a: Bat Form


You were on level 2 of the Dungeon.
You were thirsty.

You visited 1 branch of the dungeon, and saw 2 of its levels.

You collected 48 gold pieces.

Inventory:

Hand Weapons
 a - a +0 short sword (weapon)
 e - a +0 dagger
 k - a +0 dagger
 l - a +0 club
 n - a +0 short sword
 o - a +0 club
 p - a +0 dagger
 s - a +0 club
Missiles
 i - 28 stones (quivered)
Armour
 b - a +0 leather armour
 h - a +0 pair of boots (worn)
 j - a +0 scale mail
 x - a +0 ring mail
Jewellery
 m - a ring of protection from cold (left hand)
Wands
 w - a wand of lightning (6/15)
Scrolls
 d - a scroll of blinking
Potions
 f - 4 potions of blood
 u - a potion of flight {unknown}
Books
 c - a book of Spatial Translocations

   Spells                             Type                      Level
   a - Blink                          Translocation                2
   b - Shroud of Golubria             Charms/Translocation         2
   c - Lesser Beckoning               Translocation                3
   d - Portal Projectile              Translocation                3
   e - Teleport Other                 Translocation                3
   f - Passage of Golubria            Translocation                4
Comestibles
 g - a meat ration
 t - 2 bread rations
 v - a beef jerky


   Skills:
 + Level 1.8 Fighting
 + Level 2.5 Short Blades
 + Level 0.7 Throwing
 + Level 1.0 Armour
 + Level 2.9 Dodging
 + Level 0.4 Stealth
 + Level 2.2 Spellcasting
 + Level 2.5 Translocations


You had one spell level left.
You knew the following spells:

 Your Spells              Type           Power        Failure   Level  Hunger
a - Blink                 Tloc           N/A          12%         2    ###....
b - Teleport Other        Tloc           #.......     21%         3    ###....


Dungeon Overview and Level Annotations

Branches:
Dungeon (2/15)

Altars:
Ashenzari
Kikubaaqudgha
Makhleb

Annotations:
D:2 Sigmund


Innate Abilities, Weirdness & Mutations

You heal slowly.
You have razor-sharp teeth.
You have supernaturally acute eyesight. (SInv)
You can survive without breathing.


Message History

The giant cockroach is almost dead.
The giant cockroach bites you. x2
Sigmund gestures at you while chanting. The puff of flame hits you!
You hit the giant cockroach.
You kill the giant cockroach!
Sigmund casts a spell at you.
You are confused.
You're too confused to cast spells.
You're too confused!
Found a scroll labeled DUDETS JUHUN.
Sigmund screams, "Don't try to resist!"
Sigmund misses you. The goblin completely misses you.
You're too confused to move!
You feel less confused.
Sigmund hits you from afar with a scythe!
Ouch! That really hurt!
* * * LOW HITPOINT WARNING * * *
The goblin hits you with a club.
You die...

..............?
...............
...............####
...............#..
......>........#.#
................<#
#.....#..........#
##...............##
#..._..........@.#####
#...8..........g.....## .#P
##.._..........@......#....
#........................P
###.#...................#
#.#.................$##
#.#..................#
#.#..................#
#................##..#


You could see Sigmund (invisible) and a goblin.

Vanquished Creatures
  A worm (D:2)
  A dart slug (D:1)
  A leopard gecko (D:1)
  2 bats (D:1)
  A giant cockroach (D:2)
  3 goblins (D:1)
  2 hobgoblins (D:1)
  2 jackals (D:1)
  A ball python (D:1)
  A frilled lizard (D:1)
  5 kobolds (D:1)
  5 rats
25 creatures vanquished.

Notes
Turn   | Place    | Note
-------+----------+-------------------------------------------
     0 | D:1      | lolipop the Vampire Warper began the quest for the Orb.
     0 | D:1      | Reached XP level 1. HP: 16/16 MP: 3/3
   542 | D:1      | Reached XP level 2. HP: 22/22 MP: 5/5
   891 | D:1      | Reached skill level 1 in Armour
  1081 | D:1      | Learned a level 2 spell: Blink
  1751 | D:2      | Found an ancient bone altar of Kikubaaqudgha.
  1763 | D:2      | Reached XP level 3. HP: 18/27 MP: 6/6
  1771 | D:2      | Found a burning altar of Makhleb.
  1982 | D:2      | Found a shattered altar of Ashenzari.
  2030 | D:2      | Learned a level 3 spell: Teleport Other
  2083 | D:2      | Noticed Sigmund
  2100 | D:2      | Slain by a goblin

Skill      XL: |  1  2 |
---------------+-------+-----
Armour         | 1 |  1.0
Fighting       | |  1.8
Short Blades   | |  2.5
Throwing       | |  0.7
Dodging        | |  2.9
Stealth        | |  0.4
Spellcasting   | |  2.2
Translocations | |  2.5

Action                   || total
-------------------------++-------
Melee: Short sword       ||    87
       Bite              ||     5
Throw: Stone             ||    22
       Tomahawk          ||     5
 Cast: Blink             ||     4
  Use: Scroll            ||     4
       Potion            ||     2
Armor: Leather armour    ||    27
       Skin              ||     2
Dodge: Dodged            ||    60
